 Dungeon Crawl Stone Soup version 0.28.0-43-g3370ac3207 (webtiles) character file.

Game seed: 2699385445274855515

4207 cbfl8 the Carver (level 10, -4/91 HPs)
             Began as a Minotaur Abyssal Knight on Mar 7, 2022.
             Was an Elder of Lugonu.
             Slain by a two-headed ogre
             ... wielding a +0 giant club
              (17 damage)
             ... on level 9 of the Dungeon on Mar 8, 2022.
             The game lasted 00:33:40 (10804 turns).

cbfl8 the Carver (Minotaur Abyssal Knight)         Turns: 10804, Time: 00:33:41

Health: -4/91      AC: 20    Str: 26    XL:     10   Next: 8%
Magic:  9/11       EV:  7    Int:  5    God:    Lugonu [****..]
Gold:   552        SH:  7    Dex: 10    Spells: 9/9 levels left

rFire   . . .      SeeInvis +   i - +2 long sword (drain)
rCold   + + .      Faith    .   H - +0 kite shield
rNeg    . . .      Spirit   .   r - +0 plate armour
rPois   .          Reflect  .   (helmet restricted)
rElec   +          Harm     .   n - +0 cloak
rCorr   .          Rampage  .   p - +2 pair of gloves
Will    .....                   c - +0 pair of boots
Stlth   ..........              t - amulet of regeneration
HPRegen 1.05/turn               m - ring of Afylih {rC+ Str+8 Int-4 SInv Stlth+}
MPRegen 0.12/turn               v - ring of the Pharaoh's Fist {Fly rC+ Int+2 Dex-5 Stlth+}

@: flying
A: horns 2, retaliatory headbutt, electricity resistance, subdued magic 1
a: Renounce Religion, Depart the Abyss, Bend Space, Banish, Corrupt


You were on level 9 of the Dungeon.
You worshipped Lugonu.
Lugonu was greatly pleased with you.
You visited 2 branches of the dungeon, and saw 11 of its levels.
You visited the Abyss 1 time.

You collected 552 gold pieces.

Inventory:

Hand Weapons
 a - a +1 hand axe
 g - a +0 hunting sling
 i - a +2 long sword of draining (weapon)
 j - a +0 halberd
 o - a +0 flail
 w - a +4 spear
 A - a +2 falchion of electrocution
 G - a +0 vampiric trident
Missiles
 h - 383 stones
 L - 2 throwing nets
Armour
 b - a +0 leather armour
 c - a +0 pair of boots (worn)
 n - a +0 cloak (worn)
 p - a +2 pair of gloves (worn)
 r - a +0 plate armour (worn)
 x - a +0 scale mail
 H - a +0 kite shield (worn)
Jewellery
 e - a ring of poison resistance
 m - the ring of Afylih (left hand) {rC+ Str+8 Int-4 SInv Stlth+}
   (You found it on level 7 of the Dungeon)

   [ring of see invisible]

   Str:       It affects your strength (+8).
   Int:       It affects your intelligence (-4).
   rC:        It protects you from cold.
   SInv:      It lets you see invisible.
   Stlth:     It makes you more stealthy.
 t - an amulet of regeneration (around neck)
 v - the ring of the Pharaoh's Fist (right hand) {Fly rC+ Int+2 Dex-5 Stlth+}
   (You found it on level 4 of the Dungeon)

   [ring of flight]

   Int:       It affects your intelligence (+2).
   Dex:       It affects your dexterity (-5).
   rC:        It protects you from cold.
   Fly:       It grants you flight.
   Stlth:     It makes you more stealthy.
 D - an amulet of guardian spirit
Wands
 y - a wand of polymorph (2)
 F - a wand of charming (8)
Scrolls
 d - a scroll of silence
 l - 3 scrolls of fog
 s - 2 scrolls of enchant weapon {unknown}
 E - a scroll of summoning {unknown}
 I - 2 scrolls of enchant armour
 J - a scroll of identify
 K - a scroll of vulnerability {unknown}
 M - 2 scrolls of blinking {unknown}
Potions
 q - a potion of ambrosia {unknown}
 z - a potion of mutation
 B - a potion of degeneration {unknown}
 C - a potion of magic
 N - a potion of cancellation {unknown}


   Skills:
 + Level 9.0 Fighting
 + Level 9.4 Long Blades
 + Level 4.8(5.2) Axes
 + Level 2.6(4.1) Maces & Flails
 + Level 8.8 Armour
 + Level 5.0 Dodging
 + Level 1.8 Stealth
 + Level 1.9 Shields
 + Level 2.9 Invocations


You had 9 spell levels left.
You didn't know any spells.
Your spell library contained the following spells:

 Spells                   Type           Power      Damage    Failure   Level
 Sting                    Tmut/Pois      0%         1d3       100%        1
 Poisonous Vapours        Pois/Air       0%         N/A       100%        2
 Call Canine Familiar     Summ           0%         N/A       100%        3
 Ozocubu's Armour         Ice            0%         N/A       100%        3
 Portal Projectile        Hex/Tloc       0%         N/A       100%        3
 Leda's Liquefaction      Hex/Erth       0%         N/A       100%        4
 Olgreb's Toxic Radiance  Pois           0%         N/A       100%        4
 Ozocubu's Refrigeration  Ice            0%         4d5       100%        7
 Chain Lightning          Conj/Air       0%         N/A       100%        9
 Fire Storm               Conj/Fire      0%         5d1       100%        9
 Shatter                  Erth           0%         3d5*      100%        9


Dungeon Overview and Level Annotations

Branches:
Dungeon (10/15)            Temple (1/1) D:4
   Lair: D:8-11         Orc: D:9-12

Altars:
Ashenzari
Cheibriados
Dithmenos
Elyvilon
Fedhas
Gozag
Hepliaklqana
Kikubaaqudgha
Makhleb
Nemelex Xobeh
Okawaru
Qazlal
Ru
Sif Muna
Trog
Uskayaw
Vehumet
Wu Jian
Xom
Yredelemnul
Zin
The Shining One

Annotations:
D:4 Sigmund
D:7 2 transporters, DeadBczImStupid's ghost, amateur PaBe
D:9 3 runed translucent doors, corrupted


Innate Abilities, Weirdness & Mutations

You have a pair of horns on your head.
You reflexively headbutt those who attack you in melee.
You are resistant to electric shocks. (rElec)
Your spells are a little easier to cast, but a little less powerful.


Message History

* * * LOW HITPOINT WARNING * * *
The vampire hits you.
* * * LOW HITPOINT WARNING * * *
The vampire bites you but does no damage.
There is a stone staircase leading up here.
The orc warrior hits you but does no damage.
The vampire hits you.
* * * LOW HITPOINT WARNING * * *
You block the vampire's attack.
You fly upwards.
Level annotation: 3 runed translucent doors, corrupted The two-headed ogre hits you with a +0 giant club!
* * * LOW HITPOINT WARNING * * *
The two-headed ogre hits you but does no damage.
There is a stone staircase leading down here.
Space bends around you!
You blink.
Okay, then.
Really read the scroll of immolation? [Y]es or [N]o only, please.
Really read the scroll of immolation? [Y]es or [N]o only, please.
Really read the scroll of immolation?
As you read the scroll of immolation, it crumbles to dust.
The creatures around you are filled with an inner flame!
The vampire casts a spell.
The vampire flickers and vanishes for a moment.
Okay, then.
Okay, then.
Space bends around you!
You blink.
Okay, then.
Okay, then.
Okay, then.
It was a potion of curing.
You feel better. The shadow closely misses you.
The two-headed ogre hits you with a +0 giant club.
* * * LOW HITPOINT WARNING * * *
The two-headed ogre hits you with a +0 giant club.
* * * LOW HITPOINT WARNING * * *
You feel better. The shadow hits you.
The two-headed ogre hits you with a +0 giant club!
You die...

#.......# #.#
####
#.......######.#
#...
#.......WO...#.#
#...
############.#.#
#..+ #......##
#W#.# #..#
#.......# #.#.#
#..#
#.####..####.#.#
#..#
#..........W>.ยง#
####..#
#.##......@OV###
#.....#
..##.##.#..######
######.###.#
...........#
#..........#
..##..>....#
#.####.##..#
#.##.##.# #.#
#.###.' #.......#
##.## #.###..
###...### #...#
#...... #...#
###.#.######### .
#.))#
#..........#...


You could see a two-headed ogre (inner flame), a vampire (inner flame,
invisible) and a shadow.

Vanquished Creatures
  A hornet (D:10)
  Prince Ribbit (D:8)
  A wyvern (D:7)
  2 wraiths (D:10)
  2 steam dragons
  2 water moccasins
  2 hornet zombies
  An ice beast (D:5)
  2 necrophages
  2 sky beasts
  2 orc warriors
  4 centaurs
  A phantom (D:6)
  4 kobold brigands (D:7)
  A gnoll sergeant (D:8)
  2 scorpions
  4 bullfrogs
  A wyvern zombie (D:6)
  4 centaur zombies
  A bullfrog zombie (D:4)
  2 jellies (D:4)
  A bullfrog skeleton (D:6)
  3 orc priests
  2 hounds (D:7)
  A gnoll shaman (D:10)
  2 iguanas
  4 orc wizards
  A hound zombie (D:5)
  16 gnolls
  A howler monkey skeleton (D:3)
  4 adders
  A shadow imp (D:6)
  2 white imps
  2 ufetubi
  2 dart slugs
  20 orcs
  5 bats
  7 endoplasms
  2 giant cockroaches (D:4)
  5 goblins
  8 hobgoblins
  2 jackals (D:5)
  3 quokkas
  7 ball pythons
  2 frilled lizards (D:1)
  27 kobolds
  4 rats
176 creatures vanquished.

Vanquished Creatures (others)
  A troll (D:9)
  A gnoll sergeant (D:9)
  A plant (D:6)
  2 starspawn tentacles (D:9)
5 creatures vanquished.

Grand Total: 181 creatures vanquished

Notes
Turn   | Place    | Note
-------+----------+-------------------------------------------
     0 | Abyss:1  | cbfl8 the Minotaur Abyssal Knight began the quest for the
                  | Orb.
     0 | Abyss:1  | Reached XP level 1. HP: 19/19 MP: 1/1
    53 | Abyss:1  | Noticed a naga warrior zombie
    54 | Abyss:1  | Noticed a caustic shrike zombie
    61 | Abyss:1  | Noticed a harpy zombie
    62 | Abyss:1  | Noticed a necromancer
    63 | D:1      | Escaped the Abyss
   223 | D:1      | Reached XP level 2. HP: 26/27 MP: 2/2
   244 | D:1      | Found a faded altar of an unknown god.
   247 | D:1      | Reached * piety under Lugonu
   428 | D:1      | Reached XP level 3. HP: 26/34 MP: 3/3
  1374 | D:2      | Found a stormy altar of Qazlal.
  1412 | D:2      | Reached XP level 4. HP: 26/41 MP: 4/4
  2389 | D:3      | Reached ** piety under Lugonu
  2681 | D:4      | Noticed an ogre
  2681 | D:4      | Noticed a scorpion
  2829 | D:4      | Reached skill level 5 in Fighting
  2829 | D:4      | Reached XP level 5. HP: 16/48 MP: 5/5
  3507 | D:4      | Noticed Sigmund
  3973 | D:3      | Reached skill level 1 in Maces & Flails
  4091 | D:4      | Noticed a necrophage
  4101 | D:4      | Killed a necrophage
  4102 | D:4      | Reached XP level 6. HP: 56/56 MP: 6/6
  4177 | D:4      | Identified the ring of the Pharaoh's Fist {Fly rC+ Int+2
                  | Dex-5 Stlth+}
  4547 | D:4      | Found a staircase to the Ecumenical Temple.
  4562 | Temple   | Entered the Ecumenical Temple
  4876 | D:5      | Entered Level 5 of the Dungeon
  5050 | D:5      | Reached skill level 1 in Stealth
  5119 | D:5      | Noticed an ice beast
  5126 | D:5      | Reached XP level 7. HP: 52/62 MP: 7/7
  5133 | D:5      | Reached skill level 1 in Long Blades
  5474 | D:6      | Reached skill level 5 in Armour
  5667 | D:6      | Noticed a steam dragon
  5675 | D:6      | Killed a steam dragon
  5878 | D:6      | Reached XP level 8. HP: 66/71 MP: 8/8
  5910 | D:6      | Found a sacrificial altar of Ru.
  6685 | D:7      | Reached skill level 5 in Long Blades
  6722 | D:7      | Reached *** piety under Lugonu
  6818 | D:7      | Gained mutation: Your spells are a little easier to cast,
                  | but a little less powerful. [potion of mutation]
  6818 | D:7      | Gained mutation: You are resistant to electric shocks.
                  | (rElec) [potion of mutation]
  7065 | D:7      | Identified the ring of Afylih {rC+ Str+8 Int-4 SInv Stlth+}
  7092 | D:7      | Found a transporter.
  7099 | D:7      | Noticed DeadBczImStupid's ghost (amateur PaBe)
  7100 | D:7      | Noticed a manticore
  7116 | D:7      | Noticed a moth of wrath
  7134 | D:7      | Found a transporter.
  7203 | D:7      | Reached XP level 9. HP: 64/79 MP: 9/9
  7705 | D:8      | Noticed Prince Ribbit
  7713 | D:8      | Killed Prince Ribbit
  7883 | D:8      | Reached **** piety under Lugonu
  8806 | D:9      | Found a runed translucent gate.
  8806 | D:9      | Found a runed translucent gate.
  8806 | D:9      | Found a runed translucent gate.
  8842 | D:9      | Corrupted D:9
  8842 | D:9      | Noticed a sixfirhy
  8842 | D:9      | Noticed a hellwing
  8842 | D:9      | Noticed a tentacled starspawn
  8843 | D:9      | Noticed a wizard
  8843 | D:9      | Noticed a troll
  8843 | D:9      | Noticed a starcursed mass
  8843 | D:9      | Noticed a soul eater
  8846 | D:9      | Noticed a large abomination
  8847 | D:9      | Killed a troll
  8848 | D:9      | Noticed a green death
  9113 | D:9      | Noticed a freezing wraith
  9122 | D:9      | Noticed a hell knight
  9130 | D:9      | Noticed a sun demon
  9700 | D:9      | Noticed a two-headed ogre
  9713 | D:10     | Entered Level 10 of the Dungeon
  9968 | D:10     | Reached skill level 1 in Shields
 10348 | D:10     | Reached skill level 5 in Dodging
 10348 | D:10     | Reached XP level 10. HP: 91/91 MP: 11/11
 10494 | D:10     | Paralysed by a hornet for 3 turns
 10799 | D:9      | HP: 3/91 [two-headed ogre/+0 giant club (12)]
 10804 | D:9      | Slain by a two-headed ogre

Illustrated notes

Levels and vault maps discovered:
D:1:      eino_arrival_tree_alley, layout_loops_ring,
          shapermc_ecumenical_altar_venn
D:2:      layout_basic, basic_altar
D:3:      layout_basic, moated_statue
D:4:      layout_rooms, minmay_temple_entry_statues, grunt_decor_arrowhead,
          st_stairs_7, uniq_sigmund
D:5:      layout_rooms
D:6:      layout_loops_ring, nicolae_ru_the_path_less_chosen,
          minmay_crystal_water, lightli_corner_chamber
D:7:      layout_gridville, gammafunk_ghost_berserking_beasts,
          minmay_stone_trees_medium, minmay_circle_x
D:8:      layout_loops_corners, lemuel_old_faithful, uniq_prince_ribbit1
D:9:      layout_loops_cross, ebering_ghost_rock_garden, minivault_11,
          hangedman_fish_farm
D:10:     layout_grid_maze, kennysheep_generic_room_2
Temple:   dpeg_three_leaves_temple

Skill      XL: |  1  2  3  4  5  6  7  8  9 |
---------------+----------------------------+-----
Fighting       | 4 5 6 7 9 |  9.0
Axes           | 3 4 |  4.8
Armour         | 3 4 5 7 8 |  8.8
Dodging        | 2 3 4 5 |  5.0
Maces & Flails | 2 |  2.6
Invocations    | 2 |  2.9
Stealth        | 1 |  1.8
Long Blades    | 4 6 9 |  9.4
Shields        | 1 |  1.9

Action                   |  1- 3 |  4- 6 |  7- 9 | 10-12 || total
-------------------------+-------+-------+-------+-------++-------
Melee: Hand axe          |    73 |    23 |       |       ||    96
       Headbutt          |    11 |    23 |    49 |     4 ||    87
       Punch             |     1 |     1 |     2 |       ||     4
       Flail             |       |    36 |       |       ||    36
       Long sword        |       |    71 |   333 |    24 ||   428
       Halberd           |       |     1 |       |       ||     1
Invok: Depart the Abyss  |     1 |       |       |       ||     1
       Bend Space        |       |     2 |     4 |     3 ||     9
       Corrupt           |       |       |     1 |       ||     1
  Use: Scroll            |       |     4 |     6 |     2 ||    12
       Potion            |       |       |     4 |     2 ||     6
Armor: Leather armour    |    26 |    21 |       |       ||    47
       Scale mail        |       |    34 |   169 |       ||   203
       Plate armour      |       |       |   214 |    35 ||   249
Dodge: Dodged            |    69 |    75 |   247 |    22 ||   413
Block: Kite shield       |       |       |    65 |    16 ||    81
